 Dungeon Crawl Stone Soup version 0.26-a0-940-gf7e0b5f775 (webtiles) character file.

Game seed: 2699474167774481206

23310 reriks the Blocker (level 13, -4/103 HPs)
             Began as a Gnoll Fighter on Nov 27, 2020.
             Was a High Priest of Qazlal.
             Slain by a komodo dragon (23 damage)
             ... on level 1 of the Lair of Beasts.
             The game lasted 00:11:18 (17196 turns).

reriks the Blocker (Gnoll Fighter)                 Turns: 17196, Time: 00:11:18

Health: -4/103     AC: 22    Str: 21    XL:     13   Next: 5%
Magic:  24/24      EV: 10    Int:  7    God:    Qazlal [*****.]
Gold:   1664       SH: 19    Dex: 16    Spells: 27/27 levels left

rFire    . . .     SeeInvis .   K - +0 broad axe
rCold    . . .     Faith    .   c - +0 kite shield
rNeg     + . .     Spirit   .   q - +0 plate armour
rPois    +         Reflect  .   (no helmet)
rElec    .         Harm     .   (no cloak)
rCorr    +         Rampage  .   F - +2 pair of gloves
MR       .....                  B - +0 pair of boots
Stlth    ..........             (no amulet)
HPRegen  0.27/turn              y - ring "Borphac" {rPois rN+ rCorr Int-5}
MPRegen  0.19/turn              C - ring of poison resistance

@: protected from physical damage, repel missiles
A: distributed training, fangs 1, strong nose
a: Upheaval, Elemental Force, Disaster Area, Renounce Religion


You were on level 1 of the Lair of Beasts.
You worshipped Qazlal.
Qazlal was extremely pleased with you.
You visited 2 branches of the dungeon, and saw 14 of its levels.
You also visited: Bailey.

You collected 1664 gold pieces.

Inventory:

Hand Weapons
 a - a +2 war axe of draining
 s - the +6 longbow of Guile {speed, rC+}
   (You acquired it in a bailey)

   Attacks with this weapon are significantly faster.
   It protects you from cold.
 u - a +3 dire flail of protection
 K - a +0 broad axe (weapon)
Missiles
 R - 80 arrows
Armour
 b - a +0 scale mail
 c - a +0 kite shield (worn)
 i - a +1 pair of gloves
 q - a +0 plate armour (worn)
 B - a +0 pair of boots (worn)
 F - a +2 pair of gloves (worn)
Jewellery
 y - the ring "Borphac" (left hand) {rPois rN+ rCorr Int-5}
   (You found it on level 4 of the Dungeon)

   [ring of resist corrosion]

   It affects your intelligence (-5).
   It protects you from poison.
   It protects you from negative energy.
   It provides partial protection from all sources of acid and corrosion.
 C - a ring of poison resistance (right hand)
 G - an uncursed ring of stealth {unknown}
 H - an uncursed ring of positive energy {unknown}
 I - an uncursed ring of positive energy {unknown}
Wands
 o - a wand of random effects (19)
 t - a wand of flame (9)
 w - a wand of iceblast (6)
Scrolls
 e - 7 scrolls of remove curse
 g - 4 scrolls of enchant weapon
 j - a scroll of enchant armour
 l - 6 scrolls of teleportation
 m - 12 scrolls of identify
 n - 2 scrolls of blinking
 A - 2 scrolls of fear
 J - a scroll of fog
 O - a scroll of magic mapping
Potions
 d - 2 potions of might
 f - a potion of cancellation
 h - 5 potions of curing
 k - 3 potions of magic
 p - 3 potions of haste
 r - a potion of ambrosia
 v - 3 potions of invisibility
 x - 4 potions of flight
 z - 2 potions of resistance
 D - a potion of berserk rage
 E - 4 potions of brilliance {unknown}
 L - a potion of lignification {unknown}
 N - a potion of mutation {unknown}
 Q - a potion of attraction {unknown}


   Skills:
 + Level 10.2 Fighting
 + Level 7.9 Short Blades
 + Level 7.9 Long Blades
 + Level 9.2 Axes
 + Level 7.9 Maces & Flails
 + Level 7.9 Polearms
 + Level 7.9 Staves
 + Level 7.9 Slings
 + Level 7.9 Bows
 + Level 7.9 Crossbows
 + Level 7.9 Throwing
 + Level 10.2 Armour
 + Level 7.9 Dodging
 + Level 7.9 Stealth
 + Level 10.2 Shields
 + Level 7.9 Unarmed Combat
 + Level 7.9 Spellcasting
 + Level 6.5 Conjurations
 + Level 6.5 Hexes
 + Level 6.5 Summonings
 + Level 6.5 Necromancy
 + Level 6.5 Translocations
 + Level 6.5 Transmutations
 + Level 6.5 Fire Magic
 + Level 6.5 Ice Magic
 + Level 6.5 Air Magic
 + Level 6.5 Earth Magic
 + Level 6.5 Poison Magic
 + Level 8.6 Invocations
 + Level 7.9 Evocations


You had 27 spell levels left.
You didn't know any spells.
Your spell library contained the following spells:

 Spells                   Type           Power        Failure   Level
 Corona                   Hex            ##.....      36%         1
 Freeze                   Ice            ##..         36%         1
 Ensorcelled Hibernation  Hex/Ice        ##....       52%         2
 Passwall                 Tmut/Erth      ##......     52%         2
 Confusing Touch          Hex            ##......     75%         3
 Dazzling Flash           Conj/Hex       ##....       75%         3
 Frozen Ramparts          Ice            ##....       75%         3
 Ignite Poison            Fire/Tmut/Pois ##......     75%         3
 Ozocubu's Armour         Ice            ##......     75%         3
 Spider Form              Tmut/Pois      ##........   75%         3
 Tukima's Dance           Hex            ##......     75%         3
 Hailstorm                Conj/Ice       ##......     98%         4
 Summon Ice Beast         Ice/Summ       ##......     98%         4


Dungeon Overview and Level Annotations

Branches:
Dungeon (13/15)            Temple (0/1) D:6            Lair (1/6) D:9
    Orc (0/2) D:9          Bailey (visited)
 Vaults: D:13-14

Altars:
Elyvilon
Fedhas
Gozag
Nemelex Xobeh
Okawaru
Qazlal
Ru
Trog
Uskayaw
Vehumet
Yredelemnul
Zin

Shops:
D:6 (

Annotations:
D:11 2 transporters, araganzar's ghost, journeyman DsDe


Innate Abilities, Weirdness & Mutations

Your experience applies equally to all skills.
You have very sharp teeth.
Your uncanny sense of smell can sniff out nearby items.


Message History

The komodo dragon bites you but does no damage.
You hit the komodo dragon.
You bite the komodo dragon, but do no damage.
The komodo dragon is heavily wounded.
You hear the slow rumble of a very distant avalanche of rocks.
You block the komodo dragon's attack.
You barely miss the komodo dragon.
The komodo dragon is heavily wounded.
The komodo dragon bites you!
* * * LOW HITPOINT WARNING * * *
You closely miss the komodo dragon.
The komodo dragon is heavily wounded.
You block the komodo dragon's attack. x2
You hit the komodo dragon.
The komodo dragon is severely wounded.
You block the komodo dragon's attack.
You hit the komodo dragon.
The komodo dragon is severely wounded.
The komodo dragon bites you!!
You die...

..........##
..........##
. #..#.###..#
..#.P#.###.##
#......##.##
#.....##..#
.##...§†##.##
...........#
#...§.@##.#
##...§l##.#
####○###.. #.
#..# .. ..##
... ..# ∆ ...
.# ....


You could see a komodo dragon.

Vanquished Creatures
  An orc warlord (Bailey)
  A rakshasa (D:13)
  3 two-headed ogres
  3 death yaks (D:8)
  2 orc knights (Bailey)
  2 ugly things
  A manticore (D:11)
  A cyclops (D:11)
  2 centaur skeletons
  A cane toad (Lair:1)
  A tyrant leech (D:11)
  4 trolls
  The ghost of cobaltphoenix the Magician, an amateur GnWz of Yredelemnul (D:4)
  A meliai zombie (D:13)
  A shadow (D:11)
  A wraith (D:12)
  Sigmund (D:4)
  2 vampires (D:11)
  3 wyverns
  2 basilisks
  16 yaks
  7 vampire mosquitoes
  Edmund (D:4)
  A soldier ant (D:9)
  Duvessa (D:5)
  17 orc warriors
  3 ice beasts
  A black bear (D:8)
  3 phantoms
  A sky beast (D:8)
  6 ogres
  4 necrophages (D:6)
  3 centaurs
  A big kobold (D:13)
  5 bullfrogs
  Dowan (D:5)
  A scorpion (D:12)
  A water moccasin skeleton (D:10)
  4 killer bees (D:8)
  2 electric eels (D:7)
  10 wights
  4 howler monkeys
  3 bullfrog zombies
  A quasit (D:7)
  5 centaur zombies
  2 jellies
  11 orc priests
  2 bullfrog skeletons
  A gnoll shaman (D:5)
  9 hounds
  9 orc wizards
  Jessica (D:2)
  A hell rat (D:9)
  5 iguanas
  6 worker ants
  A hound zombie (D:6)
  2 hound skeletons
  A worker ant zombie (D:9)
  10 adders
  23 gnolls
  A howler monkey skeleton (D:5)
  2 shadow imps
  3 white imps
  3 ufetubi
  An ooze (D:4)
  An adder zombie (D:6)
  4 worms
  2 dart slugs
  12 leopard geckos
  45 orcs
  9 bats
  2 giant cockroaches
  2 gnoll zombies (D:5)
  24 hobgoblins
  15 jackals
  6 quokkas
  A ball python (D:4)
  3 frilled lizards
  26 goblins
  12 kobolds
  A leopard gecko zombie (D:6)
  2 quokka skeletons
  8 rats
  A bush (D:6)
406 creatures vanquished.

Vanquished Creatures (others)
  An orc wizard (D:4)
  A bush (D:6)
  A fungus (Lair:1)
  9 plants (D:6)
12 creatures vanquished.

Grand Total: 418 creatures vanquished

Notes
Turn   | Place    | Note
-------+----------+-------------------------------------------
     0 | D:1      | reriks the Gnoll Fighter began the quest for the Orb.
     0 | D:1      | Reached XP level 1. HP: 23/23 MP: 1/1
    51 | D:1      | Reached XP level 2. HP: 25/29 MP: 2/2
   995 | D:2      | Noticed Jessica
   999 | D:2      | Killed Jessica
  1000 | D:2      | Reached skill level 1 in Invocations
  1000 | D:2      | Reached XP level 3. HP: 33/35 MP: 2/4
  1066 | D:2      | Found an iron altar of Okawaru.
  1071 | D:2      | Reached skill level 1 in Short Blades
  1071 | D:2      | Reached skill level 1 in Long Blades
  1071 | D:2      | Reached skill level 1 in Maces & Flails
  1071 | D:2      | Reached skill level 1 in Polearms
  1071 | D:2      | Reached skill level 1 in Staves
  1071 | D:2      | Reached skill level 1 in Slings
  1071 | D:2      | Reached skill level 1 in Bows
  1071 | D:2      | Reached skill level 1 in Crossbows
  1071 | D:2      | Reached skill level 1 in Throwing
  1071 | D:2      | Reached skill level 1 in Dodging
  1071 | D:2      | Reached skill level 1 in Stealth
  1071 | D:2      | Reached skill level 1 in Unarmed Combat
  1071 | D:2      | Reached skill level 1 in Spellcasting
  1071 | D:2      | Reached skill level 1 in Evocations
  1071 | D:2      | Reached XP level 4. HP: 38/41 MP: 5/5
  1236 | D:2      | Reached skill level 1 in Conjurations
  1236 | D:2      | Reached skill level 1 in Hexes
  1236 | D:2      | Reached skill level 1 in Summonings
  1236 | D:2      | Reached skill level 1 in Necromancy
  1236 | D:2      | Reached skill level 1 in Translocations
  1236 | D:2      | Reached skill level 1 in Transmutations
  1236 | D:2      | Reached skill level 1 in Fire Magic
  1236 | D:2      | Reached skill level 1 in Ice Magic
  1236 | D:2      | Reached skill level 1 in Air Magic
  1236 | D:2      | Reached skill level 1 in Earth Magic
  1236 | D:2      | Reached skill level 1 in Poison Magic
  1357 | D:2      | Found a blossoming altar of Fedhas.
  1358 | D:2      | Found a sacrificial altar of Ru.
  1604 | D:2      | Noticed a centaur
  1612 | D:2      | Killed a centaur
  1613 | D:2      | Reached XP level 5. HP: 29/47 MP: 5/7
  1959 | D:3      | Reached XP level 6. HP: 53/53 MP: 8/8
  2027 | D:3      | Found a stormy altar of Qazlal.
  2420 | D:3      | Became a worshipper of Qazlal Stormbringer
  2903 | D:4      | Noticed Sigmund
  2915 | D:4      | Reached skill level 5 in Axes
  2923 | D:4      | Killed Sigmund
  2924 | D:4      | Reached XP level 7. HP: 10/59 MP: 10/10
  3205 | D:4      | Found a runed translucent door.
  3205 | D:4      | Noticed cobaltphoenix's ghost (amateur GnWz)
  3339 | D:4      | Noticed Edmund
  3354 | D:4      | Killed Edmund
  4068 | D:4      | Killed cobaltphoenix's ghost
  4069 | D:4      | Reached XP level 8. HP: 65/67 MP: 10/12
  4075 | D:4      | Got a bound iron ring
  4076 | D:4      | Identified the ring "Borphac" {rPois rN+ rCorr Int-5} (You
                  | found it on level 4 of the Dungeon)
  4102 | D:5      | Entered Level 5 of the Dungeon
  4244 | D:5      | Noticed Duvessa
  4245 | D:5      | Noticed Dowan
  4250 | D:5      | Killed Duvessa
  4253 | D:5      | Killed Dowan
  4342 | D:5      | Reached * piety under Qazlal
  4460 | D:5      | Found a radiant altar of Vehumet.
  4538 | D:5      | Found a basalt altar of Yredelemnul.
  4640 | D:5      | Found a bloodstained altar of Trog.
  4935 | D:6      | Noticed a wyvern
  4947 | D:6      | Killed a wyvern
  5078 | D:6      | Found a staircase to the Ecumenical Temple.
  5271 | D:6      | Found Puukh's Weapon Shop.
  5300 | D:6      | Found a blossoming altar of Fedhas.
  5473 | D:6      | Reached XP level 9. HP: 63/70 MP: 14/14
  5558 | D:7      | Reached ** piety under Qazlal
  5878 | D:7      | Found a white marble altar of Elyvilon.
  6227 | D:7      | Found an opulent altar of Gozag.
  6675 | D:7      | Reached skill level 5 in Invocations
  7255 | D:8      | Found a sparkling altar of Nemelex Xobeh.
  7350 | D:8      | Reached XP level 10. HP: 68/80 MP: 17/17
  7357 | D:8      | Reached *** piety under Qazlal
  7447 | D:8      | Noticed a two-headed ogre
  7458 | D:8      | Killed a two-headed ogre
  7459 | D:8      | Reached skill level 5 in Short Blades
  7459 | D:8      | Reached skill level 5 in Long Blades
  7459 | D:8      | Reached skill level 5 in Maces & Flails
  7459 | D:8      | Reached skill level 5 in Polearms
  7459 | D:8      | Reached skill level 5 in Staves
  7459 | D:8      | Reached skill level 5 in Slings
  7459 | D:8      | Reached skill level 5 in Bows
  7459 | D:8      | Reached skill level 5 in Crossbows
  7459 | D:8      | Reached skill level 5 in Throwing
  7459 | D:8      | Reached skill level 5 in Dodging
  7459 | D:8      | Reached skill level 5 in Stealth
  7459 | D:8      | Reached skill level 5 in Unarmed Combat
  7459 | D:8      | Reached skill level 5 in Spellcasting
  7459 | D:8      | Reached skill level 5 in Evocations
  8014 | D:8      | Noticed a -3 dagger
  8163 | D:8      | Noticed a +0 hand axe
  8164 | D:8      | Found a hide-covered altar of Uskayaw.
  8276 | D:9      | Found a staircase to the Lair.
  8276 | D:9      | Noticed a death yak
  8276 | D:9      | Noticed a death yak
  8280 | D:9      | Noticed a death yak
  8291 | D:8      | Killed a death yak
  8423 | D:8      | Killed a death yak
  8736 | D:8      | Killed a death yak
  8988 | D:9      | Found a flagged portal.
  8994 | Bailey   | Entered a bailey
  9081 | Bailey   | Noticed an orc knight
  9085 | Bailey   | Reached **** piety under Qazlal
  9099 | Bailey   | Killed an orc knight
  9100 | Bailey   | Reached XP level 11. HP: 40/87 MP: 19/19
  9194 | Bailey   | Noticed an orc knight
  9208 | Bailey   | Killed an orc knight
  9209 | Bailey   | Reached skill level 5 in Conjurations
  9209 | Bailey   | Reached skill level 5 in Hexes
  9209 | Bailey   | Reached skill level 5 in Summonings
  9209 | Bailey   | Reached skill level 5 in Necromancy
  9209 | Bailey   | Reached skill level 5 in Translocations
  9209 | Bailey   | Reached skill level 5 in Transmutations
  9209 | Bailey   | Reached skill level 5 in Fire Magic
  9209 | Bailey   | Reached skill level 5 in Ice Magic
  9209 | Bailey   | Reached skill level 5 in Air Magic
  9209 | Bailey   | Reached skill level 5 in Earth Magic
  9209 | Bailey   | Reached skill level 5 in Poison Magic
  9257 | Bailey   | Noticed an orc warlord
  9279 | Bailey   | Killed an orc warlord
  9531 | Bailey   | Reached ***** piety under Qazlal
  9593 | Bailey   | Identified the Disquisition on Ashen Poisoning
  9656 | Bailey   | Identified 2 scrolls of acquirement
  9656 | Bailey   | Acquired 750 gold pieces
  9657 | Bailey   | Acquired the +6 longbow of Guile {speed, rC+}
  9872 | D:9      | Found a staircase to the Orcish Mines.
 10119 | D:9      | Found a glowing silver altar of Zin.
 10426 | D:10     | Entered Level 10 of the Dungeon
 10430 | D:10     | Noticed a two-headed ogre
 10445 | D:10     | Killed a two-headed ogre
 10723 | D:10     | Noticed a two-headed ogre
 10736 | D:10     | Killed a two-headed ogre
 10737 | D:10     | Reached XP level 12. HP: 40/96 MP: 22/22
 13536 | D:11     | Found a transporter.
 14049 | D:11     | Found the +12 Vampire's Tooth {vamp}
 14056 | D:11     | Found a transporter.
 14056 | D:11     | Noticed araganzar's ghost (journeyman DsDe)
 14872 | D:12     | Reached skill level 10 in Fighting
 14872 | D:12     | Reached skill level 10 in Armour
 14872 | D:12     | Reached skill level 10 in Shields
 16687 | D:13     | Noticed a rakshasa
 16705 | D:13     | Killed a rakshasa
 16742 | D:13     | Reached XP level 13. HP: 52/103 MP: 24/24
 17148 | Lair:1   | Entered Level 1 of the Lair of Beasts
 17196 | Lair:1   | Slain by a komodo dragon

Illustrated notes

Levels and vault maps discovered:
D:1:      elethiomel_arrival_infinity_welcomes_careful_drivers, layout_basic,
          lemuel_another_geyser
D:2:      minmay_spotlight, layout_basic, gammafunk_temple_overflow_statue,
          okawaru_altar_gauntlet_db, uniq_jessica
D:3:      layout_basic, marbit_many_paths
D:4:      layout_basic, ebering_ghost_reflecting_pool, uniq_sigmund, uniq_edmund
D:5:      layout_cave_pods, overflow_temple_1_default,
          nicolae_overflow_hidden_temple, lemuel_zombie_altar_yredelemnul,
          uniq_duvessa
D:6:      layout_rooms, minmay_temple_entry_arrows, serial_shops, shop,
          fedhas_altar_decomposition
D:7:      layout_loops_ring, lemuel_crystal_altar,
          nicolae_gozag_cash_rules_everything_around_me, water_maze_lemuel
D:8:      layout_loops_ring, old_standard_altar, dancing_weapons_uskayaw
D:9:      layout_roguey, zin_treasury, dpeg_lair_monsters, david_orc_4,
          enter_bailey_3
D:10:     layout_cave_pools, st_stairs_7, minivault_5, minivault_5,
          feat_on_display
D:11:     layout_gridville, gammafunk_ghost_hive,
          minmay_guarded_unrand_vampires_tooth
D:12:     layout_rooms, minivault_25_ag
D:13:     layout_stronghold, hangedman_vaults_entry_quadrant_bands, basic_altar
Lair:1:   beast_lair_carwin_large_1, layout_regular_city,
          nicolae_volcano_entry_two_sided

Skill      XL: |  1  2  3  4  5  6  7  8  9 10 11 12 |
---------------+-------------------------------------+-----
Invocations    | 1 2 3 4 5 6 7 8 |  8.6
Short Blades   | 1 2 3 4 5 6 7 |  7.9
Long Blades    | 1 2 3 4 5 6 7 |  7.9
Maces & Flails | 1 2 3 4 5 6 7 |  7.9
Polearms       | 1 2 3 4 5 6 7 |  7.9
Staves         | 1 2 3 4 5 6 7 |  7.9
Slings         | 1 2 3 4 5 6 7 |  7.9
Bows           | 1 2 3 4 5 6 7 |  7.9
Crossbows      | 1 2 3 4 5 6 7 |  7.9
Throwing       | 1 2 3 4 5 6 7 |  7.9
Dodging        | 1 2 3 4 5 6 7 |  7.9
Stealth        | 1 2 3 4 5 6 7 |  7.9
Unarmed Combat | 1 2 3 4 5 6 7 |  7.9
Spellcasting   | 1 2 3 4 5 6 7 |  7.9
Evocations     | 1 2 3 4 5 6 7 |  7.9
Conjurations   | 1 2 3 4 5 6 |  6.5
Hexes          | 1 2 3 4 5 6 |  6.5
Summonings     | 1 2 3 4 5 6 |  6.5
Necromancy     | 1 2 3 4 5 6 |  6.5
Translocations | 1 2 3 4 5 6 |  6.5
Transmutations | 1 2 3 4 5 6 |  6.5
Fire Magic     | 1 2 3 4 5 6 |  6.5
Ice Magic      | 1 2 3 4 5 6 |  6.5
Air Magic      | 1 2 3 4 5 6 |  6.5
Earth Magic    | 1 2 3 4 5 6 |  6.5
Poison Magic   | 1 2 3 4 5 6 |  6.5
Axes           | 5 6 7 8 9 |  9.2
Fighting       | 7 8 9 10 | 10.2
Armour         | 7 8 9 10 | 10.2
Shields        | 7 8 9 10 | 10.2

Action                   |  1- 3 |  4- 6 |  7- 9 | 10-12 | 13-15 || total
-------------------------+-------+-------+-------+-------+-------++-------
Melee: War axe           |    62 |   144 |   357 |   258 |       ||   821
       Bite              |     4 |    18 |    54 |   115 |     6 ||   197
       Broad axe         |       |       |       |   430 |    38 ||   468
  Use: Scroll            |       |       |    22 |     6 |       ||    28
       Potion            |       |       |     1 |     3 |       ||     4
Armor: Scale mail        |    28 |    20 |       |       |       ||    48
       Plate armour      |       |    76 |   153 |   248 |    19 ||   496
Dodge: Dodged            |    21 |    43 |    78 |   169 |    10 ||   321
Block: Kite shield       |    47 |    74 |   238 |   671 |    47 ||  1077

Table legend: (Time is in decaauts)
 A = Elapsed time spent in this place.
 B = Non-inter-level travel time spent in this place.
 C = Inter-level travel time spent in this place.
 D = Time resting spent in this place.
 E = Time spent auto-exploring this place.
 F = Levels seen in this place.
 G = Mean time per level.
                   A        B        C        D        E       F      G
               +--------+--------+--------+--------+--------+-----+--------+
         Total |  17547 |  16997 |    550 |   6052 |   8247 |  15 | 1169.8 |
       Dungeon |  16806 |  16257 |    549 |   5998 |   7925 |  13 | 1292.8 |
          Lair |     53 |     53 |      0 |      0 |     22 |   1 |   53.0 |
        Bailey |    686 |    686 |      0 |     54 |    300 |   1 |  686.0 |
               +--------+--------+--------+--------+--------+-----+--------+

Top non-repeatable levels by time:
    D:11: 2568 daAuts
     D:8: 1769 daAuts
     D:9: 1580 daAuts
    D:12: 1518 daAuts
     D:4: 1302 daAuts
     D:7: 1300 daAuts
    D:10: 1298 daAuts
     D:3: 1079 daAuts
     D:1: 1008 daAuts
    D:13: 894 daAuts
     D:6: 886 daAuts
     D:2: 803 daAuts
     D:5: 796 daAuts
  Bailey: 686 daAuts
  Lair:1: 53 daAuts
